 Dungeon Crawl Stone Soup version 0.30-a0-585-g93115170b9 (webtiles) character file.

Game seed: 1023777214017449388

17906 skAll the Fighter (level 12, -2/99 HPs)
             Began as a Human Fighter on Jan 1, 2023.
             Was a High Priest of Okawaru.
             Slain by a komodo dragon (15 damage)
             ... on level 2 of the Lair of Beasts.
             The game lasted 00:52:25 (13382 turns).

skAll the Fighter (Human Fighter)                  Turns: 13382, Time: 00:52:25

Health: -2/99      AC: 18    Str: 27    XL:     12   Next: 88%
Magic:  18/18      EV:  4    Int:  8    God:    Okawaru [*****.]
Gold:   167        SH: 18    Dex: 14    Spells: 11/11 levels left

rFire   . . .      SeeInvis .    a - +1 trident
rCold   + . .      Faith    .    C - +2 tower shield
rNeg    . . .      Spirit   .    P - +2 plate armour {rC+}
rPois   +          Reflect  .    z - +0 helmet
rElec   .          Harm     .    (no cloak)
rCorr   .          Rampage  .    w - +0 pair of gloves
Will    .....                    (no boots) Stlth
                                 p - amulet of regeneration
HPRegen 1.16/turn                t - +6 ring of strength
MPRegen 0.16/turn                r - ring of poison resistance

@: no status effects
A: no striking features
a: Renounce Religion, Heroism, Finesse, Duel


You were on level 2 of the Lair of Beasts.
You worshipped Okawaru.
Okawaru was extremely pleased with you.
You visited 3 branches of the dungeon, and saw 13 of its levels.
You also visited: Sewer.

You collected 867 gold pieces.
You spent 700 gold pieces at shops.

Inventory:

Hand Weapons
 a - a +1 trident (weapon)
 n - a +0 rapier
 y - a +2 dagger of electrocution
Missiles
 g - 47 poisoned darts (quivered)
 i - 5 atropa-tipped darts
 J - 2 boomerangs
 M - 5 datura-tipped darts
 N - 3 curare-tipped darts
 O - 2 javelins
Armour
 w - a +0 pair of gloves (worn)
 z - a +0 helmet (worn)
 C - a +2 tower shield (worn)
 P - a +2 plate armour of cold resistance (worn)
Jewellery
 h - an amulet of the acrobat
 o - a ring of magical power
 p - an amulet of regeneration (around neck)
 q - a +6 ring of intelligence
 r - a ring of poison resistance (right hand)
 t - a +6 ring of strength (left hand)
 Q - an amulet of magic regeneration
Wands
 E - a wand of roots (18)
 S - a wand of polymorph (4)
Scrolls
 c - a scroll of magic mapping
 f - 5 scrolls of poison
 s - 2 scrolls of fear {unknown}
 x - 3 scrolls of enchant weapon
 A - 3 scrolls of vulnerability
 B - a scroll of enchant armour {unknown}
 F - a scroll of noise {unknown}
 G - 4 scrolls of teleportation
 H - a scroll of immolation {unknown}
 I - a scroll of fog {unknown}
 K - 2 scrolls of blinking {unknown}
 L - a scroll of acquirement {unknown}
Potions
 b - 2 potions of magic
 d - 3 potions of might
 e - 6 potions of curing
 j - 4 potions of mutation
 k - 2 potions of cancellation {unknown}
 l - 2 potions of flight
 m - 2 potions of brilliance
 u - 2 potions of resistance {unknown}
 v - a potion of haste {unknown}
 D - a potion of berserk rage {unknown}
 R - 2 potions of lignification {unknown}


   Skills:
 + Level 10.8 Fighting
 + Level 10.7 Polearms
 + Level 7.9 Armour
 + Level 10.2 Shields
 - Level 8.0 Invocations


You had 11 spell levels left.
You didn't know any spells.
Your spell library contained the following spells:

 Spells                   Type           Power      Damage    Failure   Level
 Magic Dart               Conj           0%         1d3       100%        1
 Sandblast                Erth           0%         2d4       100%        1
 Cigotuvi's Dreadful Rot  Necr/Pois/Air  0%         N/A       100%        2
 Passwall                 Tmut/Erth      0%         N/A       100%        2
 Poisonous Vapours        Pois/Air       0%         N/A       100%        2
 Mephitic Cloud           Conj/Pois/Air  0%         N/A       100%        3
 Stone Arrow              Conj/Erth      0%         3d7       100%        3
 Airstrike                Air            0%         2d(0-16)  100%        4
 Lightning Bolt           Conj/Air       0%         1d11      100%        5
 Call Imp                 Summ           Unusable   N/A       N/A         2
 Summon Lightning Spire   Summ/Air       Unusable   N/A       N/A         4

Dungeon Overview and Level Annotations

Branches:
Dungeon (10/15)            Temple (1/1) D:4            Lair (2/5) D:8
    Orc (0/2) D:10          Sewer (visited)
  Swamp: Lair:2-3    Shoals: Lair:2-3     Snake: Lair:2-3    Spider: Lair:2-3

Altars:
Ashenzari
Cheibriados
Dithmenos
Elyvilon
Fedhas
Gozag
Hepliaklqana
Kikubaaqudgha
Makhleb
Nemelex Xobeh
Okawaru
Qazlal
Ru
Sif Muna
Trog
Uskayaw
Vehumet
Wu Jian
Xom
Yredelemnul
Zin
The Shining One

Shops:
D:3 [?

Portals:
Trove: D:10 (give +7 demon trident)

Annotations:
D:6 3 runed translucent doors, Verendum's ghost, novice OpTm


Message History

* * * LOW HITPOINT WARNING * * *
You closely miss the komodo dragon.
The komodo dragon is almost dead.
You block the komodo dragon's attack.
You hit the komodo dragon but do no damage.
The komodo dragon is almost dead.
The komodo dragon bites you!
* * * LOW HITPOINT WARNING * * *
You hit the komodo dragon.
The komodo dragon is almost dead.
You block the komodo dragon's attack.
You feel better. The komodo dragon bites you!!
* * * LOW HITPOINT WARNING * * *
Okay, then.
The komodo dragon attacks as you move away!
The komodo dragon barely misses you.
The komodo dragon attacks as you move away!
You block the komodo dragon's attack.
The komodo dragon attacks as you move away!
You block the komodo dragon's attack.
The komodo dragon attacks as you move away!
The komodo dragon barely misses you.
The komodo dragon attacks as you move away!
You block the komodo dragon's attack.
The komodo dragon attacks as you move away!
You block the komodo dragon's attack.
The komodo dragon attacks as you move away!
The komodo dragon bites you!!
* * * LOW HITPOINT WARNING * * *
The komodo dragon attacks as you move away!
You block the komodo dragon's attack.
The komodo dragon attacks as you move away!
You block the komodo dragon's attack.
The komodo dragon attacks as you move away!
The komodo dragon bites you.
* * * LOW HITPOINT WARNING * * *
You barely miss the komodo dragon.
The komodo dragon is almost dead.
The komodo dragon bites you!
You die...

###### #############
###########.#..###.#..##..#..###
##............................†).
#................####.#####...###
##...########.....##.## #....###
##...##.####.....###.######...##.
#....##....#....@.......P##....#.
##..........#...l###.....##......
.#................##......P....#.
#..........#......#...........##.
#.....#...###....##.###...#....##
#P...#...##......######.###...###
##.......[.......####.P.###......
##...............................
#................................


You could see a komodo dragon.

Vanquished Creatures
  A vault guard (D:10)
  5 elephants (Lair:1)
  An unseen horror (D:10)
  A cane toad (Lair:2)
  2 rime drakes
  4 komodo dragons
  3 trolls
  A polar bear (Lair:2)
  A hornet (D:10)
  5 blink frogs (Lair:1)
  23 yaks
  3 wyverns
  2 basilisks
  4 steam dragons
  Menkaure (D:7)
  An acid dragon (D:10)
  11 water moccasins
  2 ice beasts (D:6)
  3 orc warriors
  A sky beast (D:7)
  5 black bears
  8 ogres
  A phantom (D:5)
  4 centaurs
  7 kobold brigands
  2 gnoll sergeants (D:10)
  A scorpion (D:6)
  10 bullfrogs
  A necrophage (D:7)
  10 wights
  17 killer bees
  6 howler monkeys
  A jelly (D:6)
  2 hounds
  3 orc priests
  2 iguanas
  Jessica (D:3)
  9 orc wizards
  A hell rat (Sewer)
  2 gnolls (D:10)
  2 adders
  2 shadow imps (D:6)
  2 white imps (D:6)
  2 ufetubi
  2 worms (D:5)
  2 dart slugs
  31 orcs
  8 ball pythons
  7 endoplasms
  3 giant cockroaches
  3 goblins (D:2)
  3 hobgoblins
  5 quokkas
  2 bats (D:1)
  8 frilled lizards
  19 kobolds
  10 rats
  A butterfly (Lair:1)
280 creatures vanquished.

Vanquished Creatures (others)
  A human (D:7)
  77 fungi
  59 plants
  3 withered plants (D:7)
140 creatures vanquished.

Grand Total: 420 creatures vanquished

Notes
Turn   | Place    | Note
-------+----------+-------------------------------------------
     0 | D:1      | skAll the Human Fighter began the quest for the Orb.
     0 | D:1      | Reached XP level 1. HP: 18/18 MP: 1/1
   314 | D:1      | Reached XP level 2. HP: 24/24 MP: 2/2
   659 | D:1      | Reached XP level 3. HP: 25/29 MP: 3/3
  1400 | D:2      | Found an iron altar of Okawaru.
  1408 | D:2      | Became a worshipper of Warmaster Okawaru
  1450 | D:2      | Reached XP level 4. HP: 35/35 MP: 4/4
  1785 | D:3      | Found Rudaixt's Antique Armour Emporium.
  1994 | D:3      | Noticed Jessica
  2119 | D:3      | Killed Jessica
  2213 | D:3      | Reached skill level 1 in Invocations
  2239 | D:3      | Found Nunwedui's Magic Scroll Shop.
  2255 | D:3      | Bought a scroll of identify for 20 gold pieces
  2255 | D:3      | Bought a scroll of teleportation for 30 gold pieces
  2471 | D:3      | Found a sacrificial altar of Ru.
  2493 | D:3      | Reached XP level 5. HP: 41/41 MP: 5/5
  2684 | D:4      | Noticed a centaur
  2697 | D:4      | Killed a centaur
  2797 | D:4      | Noticed an ogre
  2829 | D:4      | Killed an ogre
  2830 | D:4      | Reached XP level 6. HP: 48/48 MP: 7/7
  2998 | D:4      | Found a staircase to the Ecumenical Temple.
  3004 | Temple   | Entered the Ecumenical Temple
  3508 | D:4      | Found an ornate altar of the Wu Jian Council.
  3701 | D:5      | Entered Level 5 of the Dungeon
  3759 | D:5      | Noticed an ogre
  3775 | D:5      | Noticed a black bear
  3775 | D:5      | Noticed an ogre
  3811 | D:6      | Killed a black bear
  3812 | D:6      | Reached XP level 7. HP: 43/55 MP: 9/9
  3919 | D:5      | Found a glowing drain.
  3983 | Sewer    | Entered a sewer
  4073 | D:5      | Reached * piety under Okawaru
  4124 | D:5      | Found a snail-covered altar of Cheibriados.
  4157 | D:5      | Reached skill level 5 in Fighting
  4224 | D:5      | Found a radiant altar of Vehumet.
  4336 | D:5      | Reached skill level 5 in Polearms
  4336 | D:5      | Reached XP level 8. HP: 62/62 MP: 11/11
  4481 | D:5      | Found a shadowy altar of Dithmenos.
  4671 | D:6      | Reached ** piety under Okawaru
  4761 | D:6      | Reached skill level 5 in Invocations
  4883 | D:6      | Found a runed translucent gate.
  4883 | D:6      | Found a runed translucent gate.
  4883 | D:6      | Found a runed translucent gate.
  4886 | D:6      | Noticed Verendum's ghost (novice OpTm)
  4886 | D:6      | Identified the +6 chain mail of the Leaf {rPois SInv
                  | Stlth+}
  4951 | D:6      | Found an opulent altar of Gozag.
  5687 | D:6      | Reached *** piety under Okawaru
  5688 | D:6      | Reached skill level 5 in Shields
  5688 | D:6      | Reached XP level 9. HP: 45/69 MP: 13/13
  5765 | D:6      | Found the +2 hat of the Bear Spirit {Spirit, *Rage Will++}
  5889 | D:7      | Found a hazy altar of Hepliaklqana.
  6139 | D:7      | HP: 1/71 [steam dragon (6)]
  6449 | D:7      | Found a basalt altar of Yredelemnul.
  6557 | D:7      | Noticed Menkaure
  6772 | D:7      | Killed Menkaure
  6907 | D:7      | Found an ancient bone altar of Kikubaaqudgha.
  7061 | D:7      | Found a blossoming altar of Fedhas.
  7458 | D:7      | Reached XP level 10. HP: 17/79 MP: 15/15
  7753 | D:7      | Reached **** piety under Okawaru
  7787 | D:8      | Found a staircase to the Lair.
  8615 | D:9      | Found an iron altar of Okawaru.
  8669 | D:9      | Reached XP level 11. HP: 76/87 MP: 17/17
  8898 | D:9      | Reached ***** piety under Okawaru
  9385 | D:10     | Entered Level 10 of the Dungeon
  9511 | D:10     | Reached skill level 5 in Armour
  9934 | D:10     | Found a staircase to the Orcish Mines.
 10027 | D:10     | Noticed a vault guard
 10046 | D:10     | Killed a vault guard
 10074 | D:10     | Found a portal to a secret trove of treasure.
 10413 | D:10     | Found a hide-covered altar of Uskayaw.
 10989 | D:3      | Bought a shiny plate armour for 650 gold pieces
 11119 | Lair:1   | Entered Level 1 of the Lair of Beasts
 11279 | Lair:1   | Noticed an elephant
 11279 | Lair:1   | Noticed an elephant
 11279 | Lair:1   | Noticed an elephant
 11279 | Lair:1   | Noticed an elephant
 11280 | Lair:1   | Noticed an elephant
 11393 | Lair:1   | Killed an elephant
 11407 | Lair:1   | Killed an elephant
 11407 | Lair:1   | Received a gift from Okawaru
 11426 | Lair:1   | Reached XP level 12. HP: 97/97 MP: 13/18
 11713 | Lair:1   | Reached skill level 10 in Fighting
 11730 | Lair:1   | Reached skill level 10 in Polearms
 12518 | Lair:2   | Reached skill level 10 in Shields
 13132 | Lair:2   | Received a gift from Okawaru
 13382 | Lair:2   | Slain by a komodo dragon

Illustrated notes

Levels and vault maps discovered:
D:1:      lightli_arrival_boilingwater, layout_loops_corners
D:2:      layout_basic, basic_altar
D:3:      layout_basic, nicolae_ru_awakened_eye, serial_shops, shop, shop,
          serial_co_window_serial, co_window_corner_a, co_window_cross_1,
          co_window_paths_b, co_window_paths_b, co_window_corner_a,
          co_window_corner_cb, co_window_corner_b, co_window_corner_b,
          co_window_sun, glass_columns_a, glass_columns_a, glass_columns_b,
          glass_columns_c, glass_columns_a, uniq_jessica
D:4:      layout_loops_ring, nicolae_wu_jian_glorious_leap,
          minmay_temple_entry_enclosed_plants
D:5:      layout_basic, nicolae_vehumet_altar_sigil,
          mainiacjoe_overflow_boulevard, mainiacjoe_overflow_catwalk,
          cheibrodos_sewer_entry_bend
D:6:      layout_loops_corners, grunt_gozag_breadcrumbs,
          biasface_ghost_orc_armoury
D:7:      layout_loops_ring, tgw_kikubaaqudgha, mainiacjoe_overflow_paths,
          mainiacjoe_overflow_six_doors_small, yredelemnul_altar_generic,
          uniq_menkaure
D:8:      layout_basic, due_lair_maze_entry_diamond
D:9:      layout_long_grid, okawaru_ov_weapons_minmay, patterned_corridor
D:10:     layout_loops_corners, marbit_many_paths,
          kennysheep_orc_monster_closet_entryway, enter_trove_5,
          dreamdust_mushroom_princess
Temple:   nicolae_temple_two_arcs
Lair:1:   layout_cellular_growth, lemuel_fruit_fields
Lair:2:   layout_regular_city

Skill      XL: |  1  2  3  4  5  6  7  8  9 10 11 12 |
---------------+-------------------------------------+-----
Polearms       | 3 4 5 6 7 8 9 10 | 10.7
Invocations    | 1 2 3 4 5 7 8 |  8.0
Fighting       | 4 5 6 7 8 9 10 | 10.8
Shields        | 4 5 6 7 9 10 | 10.2
Armour         | 4 6 7 |  7.9

Action                   |  1- 3 |  4- 6 |  7- 9 | 10-12 || total
-------------------------+-------+-------+-------+-------++-------
Melee: Trident           |   136 |   141 |   396 |  1036 ||  1709
Throw: Dart              |       |    11 |     6 |       ||    17
       Boomerang         |       |     1 |       |       ||     1
Invok: Heroism           |       |       |     4 |    14 ||    18
       Finesse           |       |       |       |     1 ||     1
  Use: Scroll            |       |     8 |     6 |     3 ||    17
       Potion            |       |       |     3 |     2 ||     5
Armor: Scale mail        |    30 |    35 |       |       ||    65
       Plate armour      |       |    59 |   241 |   386 ||   686
Dodge: Dodged            |    45 |    79 |    59 |   118 ||   301
Block: Buckler           |    19 |    40 |    12 |       ||    71
       Tower shield      |       |       |   315 |   892 ||  1207

Table legend: (Time is in decaauts)
 A = Elapsed time spent in this place.
 B = Non-inter-level travel time spent in this place.
 C = Inter-level travel time spent in this place.
 D = Time resting spent in this place.
 E = Time spent auto-exploring this place.
 F = Levels seen in this place.
 G = Mean time per level.
                   A        B        C        D        E       F      G
               +--------+--------+--------+--------+--------+-----+--------+
         Total |  13621 |  13041 |    580 |    874 |   8508 |  14 |  972.9 |
       Dungeon |  11164 |  10601 |    563 |    865 |   6894 |  10 | 1116.4 |
        Temple |    119 |    113 |      6 |      0 |    106 |   1 |  119.0 |
          Lair |   2244 |   2233 |     11 |      9 |   1477 |   2 | 1122.0 |
         Sewer |     93 |     93 |      0 |      0 |     30 |   1 |   93.0 |
               +--------+--------+--------+--------+--------+-----+--------+

Top non-repeatable levels by time:
     D:7: 1843 daAuts
     D:6: 1405 daAuts
    D:10: 1403 daAuts
  Lair:2: 1176 daAuts
     D:9: 1141 daAuts
  Lair:1: 1067 daAuts
     D:4: 1019 daAuts
     D:1: 978 daAuts
     D:5: 909 daAuts
     D:2: 876 daAuts
     D:3: 866 daAuts
     D:8: 720 daAuts
  Temple: 119 daAuts
   Sewer: 93 daAuts
